 Dungeon Crawl Stone Soup version 0.27.0-1-g7a089689b8 (webtiles) character file.

Game seed: 10305076788618146038

191 SnakkuSnakku7 the Cudgeller (level 5, -1/54 HPs)
             Began as an Ogre Delver on Aug 6, 2021.
             Killed from afar by Sigmund (8 damage)
             ... with a puff of flame
             ... on level 4 of the Dungeon.
             The game lasted 00:04:29 (2851 turns).

SnakkuSnakku7 the Cudgeller (Ogre Delver)           Turns: 2851, Time: 00:04:29

Health: -1/54      AC:  3    Str: 15 (17) XL:     5   Next: 70%
Magic:  5/5        EV:  9    Int:  8 (11) God:
Gold:   222        SH:  0    Dex:  9 (10) Spells: 4/4 levels left

rFire    . . .     SeeInvis .   b - +0 hand axe (venom)
rCold    . . .     Faith    .   (no shield)
rNeg     . . .     Spirit   .   i - +0 robe
rPois    .         Reflect  .   (helmet restricted)
rElec    .         Harm     .   (no cloak)
rCorr    .         Rampage  .   (gloves unavailable)
Will     .....                  (boots unavailable)
Stlth    +.........             (no amulet)
HPRegen  0.18/turn              (no ring)
MPRegen  0.09/turn              (no ring)

@: confused
A: large, unfitting armour, tough skin 1
a: no special abilities


You were on level 4 of the Dungeon.
You visited 1 branch of the dungeon, and saw 5 of its levels.

You collected 222 gold pieces.

Inventory:

Hand Weapons
 a - a +0 flail
 b - a +0 hand axe of venom (weapon)
 h - a +0 mace
Missiles
 e - 30 poisoned darts (quivered)
 j - 5 javelins
Armour
 i - a +0 robe (worn)
Wands
 g - a wand of digging (3)
Scrolls
 c - 2 scrolls of fog
 d - 4 scrolls of identify {unknown}
 k - 2 scrolls of enchant weapon {unknown}
 l - 2 scrolls of teleportation {unknown}
 n - a scroll of amnesia {unknown}
 p - a scroll of noise {unknown}
Potions
 f - a potion of haste
 m - 2 potions of degeneration
 o - a potion of curing {unknown}
 q - a potion of heal wounds {unknown}


   Skills:
 - Level 4.0 Fighting
 + Level 5.2 Maces & Flails
 - Level 1.7 Dodging
 - Level 3.7 Stealth


You had 4 spell levels left.
You didn't know any spells.
Your spell library contained the following spells:

 Spells                   Type           Power      Damage    Failure   Level
 Sandblast                Erth           0%         2d4       41%         1
 Corpse Rot               Necr/Air       N/A        N/A       54%         2
 Passwall                 Tmut/Erth      0%         N/A       54%         2
 Poisonous Vapours        Pois/Air       0%         N/A       54%         2
 Sublimation of Blood     Necr           0%         N/A       54%         2
 Petrify                  Tmut/Erth      0%         N/A       99%         4
 Freezing Cloud           Conj/Ice/Air   0%         6-21      100%        5
 Irradiate                Conj/Tmut      0%         3d14      100%        5
 Lee's Rapid Deconstruct  Erth           0%         3d5*      100%        5


Dungeon Overview and Level Annotations

Branches:
Dungeon (5/15)
 Temple: D:4-7

Altars:
Gozag
Nemelex Xobeh
Ru
Sif Muna

Annotations:
D:4 Sigmund


Innate Abilities, Weirdness & Mutations

You are too large for most types of armour.
You have tough skin. (AC +1)


Message History

You hear some strange, mumbled words.
Something tries to affect you, but you resist.
Something hits you.
Okay, then.
Throw: 6 javelins
Press: ? - help, Q - select action, (/) - cycle Shift-Dir - straight line, f - Sigmund
Aim: Sigmund, wielding a +0 scythe and wearing a +0 robe (almost dead, 53% to hit)
You throw a javelin. The javelin pierces through Sigmund.
Sigmund is almost dead.
Sigmund says, "I'm your fate."
Sigmund gestures wildly while chanting.
Sigmund flickers and vanishes!
Throw: 5 javelins
Press: ? - help, Q - select action, (/) - cycle Shift-Dir - straight line, f - you Really target yourself?
Okay, then.
Unknown command.
A magic dart appears from out of thin air!
The magic dart hits you.
You see here a javelin.
You see here a javelin.
You see here a javelin.
Something hits you but does no damage. Something hits you.
You hear some strange, mumbled words.
You are confused.
You hear some strange, mumbled words.
A magic dart appears from out of thin air!
The magic dart hits you. Something hits you!
* * * LOW HITPOINT WARNING * * *
A magic dart appears from out of thin air!
The magic dart hits you!
* * * LOW HITPOINT WARNING * * *
It was a potion of degeneration.
There was something very wrong with that liquid.
You feel weakened.
You feel dopey.
You feel clumsy.
A puff of flame appears from out of thin air!
The puff of flame hits you!
You die...

.# ### #.. #.# # #.# # #.
#.# #.#.#####.#
##......##.## #...(......@#
..##.##.##..# ###
.....##.##..# ## #..
........##.{###.... #.#
#.......(......(... #.#
#.#####.###.##############.#
#...................#.
........##############.#
######### ###


There were no monsters in sight!

Vanquished Creatures
  A howler monkey (D:5)
  A hound (D:3)
  An iguana (D:4)
  An adder (D:2)
  An adder skeleton (D:4)
  3 worms
  3 dart slugs
  An orc (D:3)
  6 ball pythons
  5 bats
  4 endoplasms
  5 giant cockroaches
  7 goblins
  6 hobgoblins
  7 kobolds
  4 quokkas
  7 frilled lizards
  4 rats
67 creatures vanquished.

Notes
Turn   | Place    | Note
-------+----------+-------------------------------------------
     0 | D:5      | SnakkuSnakku7 the Ogre Delver began the quest for the Orb.
     0 | D:5      | Reached XP level 1. HP: 24/24 MP: 1/1
    17 | D:5      | Found a sacrificial altar of Ru.
    30 | D:5      | Found a sparkling altar of Nemelex Xobeh.
    44 | D:5      | Reached skill level 2 in Maces & Flails
   148 | D:5      | Noticed an ice beast
   154 | D:5      | Noticed a howler monkey
   164 | D:5      | Killed a howler monkey
   165 | D:5      | Reached skill level 3 in Maces & Flails
   165 | D:5      | Reached XP level 2. HP: 16/32 MP: 2/2
   165 | D:5      | Reached XP level 3. HP: 19/39 MP: 3/3
   168 | D:5      | Noticed a wyvern
   345 | D:4      | Reached XP level 4. HP: 5/48 MP: 4/4
   634 | D:4      | Reached skill level 4 in Maces & Flails
  1225 | D:1      | Found a faded altar of an unknown god.
  1459 | D:1      | Reached XP level 5. HP: 52/54 MP: 5/5
  1967 | D:3      | Found a shimmering blue altar of Sif Muna.
  2199 | D:3      | Found an opulent altar of Gozag.
  2260 | D:3      | You fall into a shaft and drop 1 floor!
  2370 | D:3      | Reached skill level 5 in Maces & Flails
  2772 | D:4      | Noticed Sigmund
  2851 | D:4      | Killed from afar by Sigmund

Illustrated notes

Levels and vault maps discovered:
D:1:      roderic_crossed_star, layout_loops_ring,
          hellmonk_ecumenical_altar_pennies_from_heaven, minmay_ruptured
D:2:      layout_basic, chequers_serial_rivers_micro_b, grunt_ministairs_14
D:3:      layout_loops_ring, nicolae_gozag_seed_capital,
          nicolae_sif_muna_condensation
D:4:      layout_loops_ring, eino_small_chamber_without_monster, uniq_sigmund
D:5:      layout_loops_ring, grunt_temple_overflow_open, general_overflow_altar,
          kennysheep_small_circle

Skill      XL: |  1  2  3  4  5 |
---------------+----------------+-----
Maces & Flails | 3 4 5 |  5.2
Fighting       | |  4.0
Dodging        | |  1.7
Stealth        | |  3.7

Action                   |  1- 3 |  4- 6 || total
-------------------------+-------+-------++-------
Melee: Hand axe          |    17 |   165 ||   182
Throw: Javelin           |       |     1 ||     1
  Use: Scroll            |     2 |       ||     2
       Potion            |       |     1 ||     1
 Stab: Sleeping          |     2 |    18 ||    20
Armor: Robe              |     3 |    53 ||    56
Dodge: Dodged            |     8 |    75 ||    83
